Bruins vs Golden Seals

Created - 8 novembre 2017 at 06:22

Goals
1 2 3 T
Bruins 0 2 2 4
Golden Seals 0 2 0 2
Shots
1 2 3 T
Bruins 8 13 12 33
Golden Seals 12 11 5 28

1st period

No Goal

Penalties :
Joe Pavelski (CLF) for Hooking (Minor) at 15:35

2nd period

1. Bruins , Nikolay Kulemin 3 (Anthony Mantha 5, Alex Killorn 4) at 8:37
2. Golden Seals , Jonathan Toews 6 (Joe Pavelski 7, Jaden Schwartz 7) at 8:51
3. Golden Seals , Robby Fabbri 6 (Colin Wilson 6) at 11:22
4. Bruins , Patrice Bergeron 7 (Jason Pominville 3) at 18:07

Penalties :
Miles Wood (CLF) for Hooking (Minor) at 15:49

3rd period

5. Bruins , Patrice Bergeron 8 (Zemgus Girgensons 2) at 14:32
6. Bruins , Anthony Mantha 4 (Kyle Okposo 11, Sean Monahan 9) at 16:46 (PP)

Penalties :
Robby Fabbri (CLF) for Tripping (Minor) at 2:08, Matt Stajan (BOS) for Interference (Minor) at 6:28, Mike Fisher (CLF) for Hooking (Minor) at 15:45

Goalie Stats

Cam Talbot (BOS), 26 saves from 28 shots - (0,929), W, 9-3-1, 60:00 minutes
Andrei Vasilevskiy (CLF), 29 saves from 33 shots - (0,879), L, 2-1-1, 60:00 minutes

Players Stats for Bruins

Player Name              G  A  P  +/- PIM S  H  SB GA TA FO     MP     PP MP  PK MP  
------------------------------------------------------------------------------------
Alex Killorn             0  1  1   1  0   1  2  2  1  0  0/0    14:15   0:36   0:00 
Alexander Burmistrov     0  0  0   0  0   2  0  1  0  0  0/0     7:47   0:00   0:00 
Anthony Mantha           1  1  2   0  0   5  0  0  1  0  0/0    17:42   3:00   0:13 
Derick Brassard          0  0  0   0  0   6  0  1  2  0  2/3    18:53   3:22   0:41 
Jakob Chychrun           0  0  0   1  0   2  1  0  0  1  0/0    18:03   2:50   0:00 
Jason Demers             0  0  0   0  0   0  4  1  0  2  0/0    22:42   2:50   0:00 
Jason Pominville         0  1  1   2  0   0  0  0  0  0  0/0    17:20   3:22   0:00 
Joel Edmundson           0  0  0   1  0   0  3  1  0  1  0/0    16:02   0:00   1:03 
Kyle Okposo              0  1  1  -1  0   3  2  0  0  1  0/1    18:13   3:36   0:00 
Marc Staal               0  0  0   1  0   0  1  1  0  0  0/0    17:00   0:00   0:56 
Matt Stajan              0  0  0   0  2   0  1  0  0  0  7/10   14:26   0:00   0:00 
Nikolay Kulemin          1  0  1   0  0   2  1  1  0  0  1/2    15:31   0:00   0:55 
Patrice Bergeron         2  0  2   2  0   4  0  0  2  1  10/19  17:41   3:22   0:16 
Ryan McDonagh            0  0  0  -1  0   2  2  3  0  0  0/0    25:55   4:08   0:56 
Sean Monahan             0  1  1  -1  0   1  1  0  2  0  14/23  19:01   3:36   0:48 
Tom Kuhnhackl            0  0  0   0  0   1  2  1  1  0  0/0     8:52   0:00   1:05 
Xavier Ouellet           0  0  0   0  0   3  0  2  0  0  0/0    20:18   4:08   1:03 
Zemgus Girgensons        0  1  1   0  0   1  0  0  1  0  3/3     8:19   0:00   0:00 

Players Stats for Golden Seals

Player Name              G  A  P  +/- PIM S  H  SB GA TA FO     MP     PP MP  PK MP  
------------------------------------------------------------------------------------
Andrew Agozzino          0  0  0   0  0   1  1  0  0  0  1/7    10:52   0:00   1:20 
Barclay Goodrow          0  0  0   0  0   0  0  0  0  0  0/1    11:01   0:00   1:05 
Cody Ceci                0  0  0  -1  0   2  0  1  1  1  0/0    23:05   0:00   4:01 
Cody Franson             0  0  0   0  0   0  0  0  0  0  0/0    15:54   0:43   0:03 
Colin Wilson             0  1  1   1  0   1  0  0  1  1  0/0    16:37   0:00   3:40 
Colton Parayko           0  0  0  -2  0   0  0  1  0  3  0/0    23:12   1:16   2:57 
Jaden Schwartz           0  1  1  -1  0   3  0  0  0  0  0/1    16:12   1:09   0:00 
Joe Pavelski             0  1  1  -1  2   4  2  0  0  0  0/0    17:15   1:09   0:23 
Jonathan Toews           1  0  1  -1  0   3  2  0  0  0  11/26  16:12   1:09   0:00 
Keith Yandle             0  0  0   1  0   2  1  3  0  0  0/0    18:12   1:16   0:00 
Mark Letestu             0  0  0   1  0   0  0  0  1  0  9/13   16:18   0:00   3:40 
Max Domi                 0  0  0  -1  0   5  2  0  0  2  0/1    15:58   0:00   2:27 
Michael Stone            0  0  0   1  0   1  1  1  0  1  0/0    21:37   0:43   3:58 
Mike Fisher              0  0  0  -1  2   1  6  0  0  0  2/11   15:36   0:50   1:21 
Miles Wood               0  0  0  -1  2   1  0  0  2  1  1/1     9:50   0:00   0:00 
Olli Maatta              0  0  0  -1  0   1  1  2  0  1  0/0    18:00   0:00   2:57 
Robby Fabbri             1  0  1   1  2   2  4  0  0  0  0/0    13:51   0:50   0:00 
Tyler Toffoli            0  0  0   0  0   1  1  0  1  0  0/0    13:16   0:50   0:00 

3 Stars

1 - Patrice Bergeron (BOS)
2 - Anthony Mantha (BOS)
3 - Nikolay Kulemin (BOS)

Power Play

Bruins - 1 on 4 Attempt(s) - 25,00%
Golden Seals - 0 on 1 Attempt(s) - 0,00%

Penalty Kill

Bruins - 1 on 1 Attempt(s) - 100,00% - Score 0 goal in Penalty Kill
Golden Seals - 3 on 4 Attempt(s) - 75,00% - Score 0 goal in Penalty Kill

Team Stat

Bruins - Hits : 20 - Faceoff Wins : 37 - Blocked Shots : 14 - Penalty Minutes : 2
Golden Seals - Hits : 21 - Faceoff Wins : 24 - Blocked Shots : 8 - Penalty Minutes : 8

Official

Referees : Kendrick Nicholson and Dave Lewis
Linesman : Mark Wheler and Brad Kovachik

Game Notes

No Game Note

Finance

Level 1 -- Attendance: 6000 (100,00%) -- Ticket Income 360 000 $
Level 2 -- Attendance: 5000 (100,00%) -- Ticket Income 175 000 $
Level 3 -- Attendance: 2000 (100,00%) -- Ticket Income 32 000 $
Level 4 -- Attendance: 4000 (100,00%) -- Ticket Income 40 000 $
Luxury Box -- Attendance: 1000 (100,00%) -- Ticket Income 100 000 $
Game was played at the Sideburns Coliseum.
Total Attendance: 18000 (100,00%)
Total Ticket Income: 707 000 $
Other Income: 346 430 $
Total Income: 1 053 430 $

Bruins

5 vs 5 Forward 
   Center                   Left Wing                Right Wing               Time % Phy DF OF 
 1 Sean Monahan             Derick Brassard          Kyle Okposo              32     0   2  3  
 2 Patrice Bergeron         Alex Killorn             Jason Pominville         32     0   3  2  
 3 Matt Stajan              Nikolay Kulemin          Anthony Mantha           26     0   3  2  
 4 Zemgus Girgensons        Alexander Burmistrov     Tom Kuhnhackl            10     0   4  1  

5 vs 5 Defense 
   Defense                  Defense                                           Time % Phy DF OF 
 1 Ryan McDonagh            Jason Demers                                      40     0   3  2  
 2 Joel Edmundson           Marc Staal                                        30     0   5  0  
 3 Xavier Ouellet           Jakob Chychrun                                    30     0   4  1  
 4 Ryan McDonagh            Marc Staal                                        0      1   2  2  

PowerPlay Forward 
   Center                   Left Wing                Right Wing               Time % Phy DF OF 
 1 Sean Monahan             Anthony Mantha           Kyle Okposo              50     0   0  5  
 2 Patrice Bergeron         Derick Brassard          Jason Pominville         50     0   0  5  

PowerPlay Defense
   Defense                  Defense                                           Time % Phy DF OF 
 1 Ryan McDonagh            Xavier Ouellet                                    55     0   2  3  
 2 Jason Demers             Jakob Chychrun                                    45     0   2  3  

Penalty Kill 4 Players Forward 
   Center                   Wing                     Time % Phy DF OF 
 1 Matt Stajan              Tom Kuhnhackl            60     1   2  2  
 2 Alexander Burmistrov     Nikolay Kulemin          40     1   2  2  

Penalty Kill 4 Players Defense
   Defense                  Defense                  Time % Phy DF OF 
 1 Ryan McDonagh            Marc Staal               60     0   5  0  
 2 Joel Edmundson           Xavier Ouellet           40     0   5  0  

Penalty Kill - 3 Players Forward 
   Forward                                           Time % Phy DF OF 
 1 Tom Kuhnhackl                                     60     0   5  0  
 2 Marc Staal                                        40     0   5  0  

Penalty Kill - 3 Players Defense
   Defense                  Defense                  Time % Phy DF OF 
 1 Ryan McDonagh            Marc Staal               60     0   5  0  
 2 Joel Edmundson           Xavier Ouellet           40     0   5  0  

4 vs 4 Forward 
   Center                   Wing                     Time % Phy DF OF 
 1 Sean Monahan             Kyle Okposo              60     1   2  2  
 2 Derick Brassard          Jason Pominville         40     1   2  2  

4 vs 4 Defense
   Defense                  Defense                  Time % Phy DF OF 
 1 Joel Edmundson           Marc Staal               60     1   2  2  
 2 Ryan McDonagh            Jason Demers             40     1   2  2  

Last Minutes Offensive
   Center                   Left Wing                Right Wing               Defense                  Defense                  
   Sean Monahan             Derick Brassard          Kyle Okposo              Ryan McDonagh            Marc Staal               

Last Minutes Defensive
   Center                   Left Wing                Right Wing               Defense                  Defense                  
   Patrice Bergeron         Nikolay Kulemin          Tom Kuhnhackl            Ryan McDonagh            Marc Staal               

Goaltenders
Starting : Cam Talbot               
Backup : Juuse Saros              

Extra Forwards
Normal : Zemgus Girgensons, Anthony Mantha, Nikolay Kulemin - PP : Alex Killorn, Nikolay Kulemin - PK : Nikolay Kulemin
Extra Defensemen
Normal : Xavier Ouellet, Jakob Chychrun, Joel Edmundson - PP : Joel Edmundson - PK : Jakob Chychrun, Jason Demers
Penalty Shots
Jason Pominville, Kyle Okposo, Sean Monahan, Anthony Mantha, Patrice Bergeron
Custom OT Lines Forwards
Sean Monahan, Kyle Okposo, Patrice Bergeron, Jason Pominville, Derick Brassard, Alex Killorn, Anthony Mantha, Matt Stajan, Tom Kuhnhackl, Zemgus Girgensons
Custom OT Lines Defensemen
Jason Demers, Ryan McDonagh, Marc Staal, Xavier Ouellet, Joel Edmundson

Scratches
Brian Campbell (Healthy), David Desharnais (Healthy)

Golden Seals

5 vs 5 Forward 
   Center                   Left Wing                Right Wing               Time % Phy DF OF 
 1 Jonathan Toews           Joe Pavelski             Jaden Schwartz           36     0   1  4  
 2 Mike Fisher              Max Domi                 Tyler Toffoli            30     0   2  3  
 3 Mark Letestu             Colin Wilson             Robby Fabbri             24     0   2  3  
 4 Andrew Agozzino          Barclay Goodrow          Miles Wood               10     2   2  1  

5 vs 5 Defense 
   Defense                  Defense                                           Time % Phy DF OF 
 1 Colton Parayko           Cody Ceci                                         40     0   3  2  
 2 Keith Yandle             Michael Stone                                     33     0   3  2  
 3 Cody Franson             Olli Maatta                                       27     0   3  2  
 4 Colton Parayko           Keith Yandle                                      0      1   2  2  

PowerPlay Forward 
   Center                   Left Wing                Right Wing               Time % Phy DF OF 
 1 Jonathan Toews           Joe Pavelski             Jaden Schwartz           60     0   0  5  
 2 Mike Fisher              Robby Fabbri             Tyler Toffoli            40     0   0  5  

PowerPlay Defense
   Defense                  Defense                                           Time % Phy DF OF 
 1 Colton Parayko           Keith Yandle                                      75     0   1  4  
 2 Cody Franson             Michael Stone                                     25     0   1  4  

Penalty Kill 4 Players Forward 
   Center                   Wing                     Time % Phy DF OF 
 1 Mark Letestu             Colin Wilson             60     1   4  0  
 2 Mike Fisher              Max Domi                 40     1   4  0  

Penalty Kill 4 Players Defense
   Defense                  Defense                  Time % Phy DF OF 
 1 Michael Stone            Cody Ceci                60     1   4  0  
 2 Colton Parayko           Olli Maatta              40     1   4  0  

Penalty Kill - 3 Players Forward 
   Forward                                           Time % Phy DF OF 
 1 Joe Pavelski                                      60     1   4  0  
 2 Jonathan Toews                                    40     1   4  0  

Penalty Kill - 3 Players Defense
   Defense                  Defense                  Time % Phy DF OF 
 1 Colton Parayko           Michael Stone            60     0   5  0  
 2 Cody Ceci                Olli Maatta              40     0   5  0  

4 vs 4 Forward 
   Center                   Wing                     Time % Phy DF OF 
 1 Joe Pavelski             Jonathan Toews           60     1   2  2  
 2 Mike Fisher              Jaden Schwartz           40     1   2  2  

4 vs 4 Defense
   Defense                  Defense                  Time % Phy DF OF 
 1 Colton Parayko           Keith Yandle             60     1   2  2  
 2 Cody Ceci                Michael Stone            40     1   2  2  

Last Minutes Offensive
   Center                   Left Wing                Right Wing               Defense                  Defense                  
   Jonathan Toews           Joe Pavelski             Jaden Schwartz           Colton Parayko           Keith Yandle             

Last Minutes Defensive
   Center                   Left Wing                Right Wing               Defense                  Defense                  
   Mike Fisher              Jaden Schwartz           Mark Letestu             Cody Ceci                Michael Stone            

Goaltenders
Starting : Andrei Vasilevskiy       
Backup : Sergei Bobrovsky         

Extra Forwards
Normal : Robby Fabbri, Colin Wilson, Max Domi - PP : Max Domi, Colin Wilson - PK : Max Domi
Extra Defensemen
Normal : Cody Franson, Olli Maatta, Cody Ceci - PP : Cody Ceci - PK : Olli Maatta, Cody Ceci
Penalty Shots
Joe Pavelski, Jonathan Toews, Mike Fisher, Jaden Schwartz, Mark Letestu
Custom OT Lines Forwards
Joe Pavelski, Jonathan Toews, Mike Fisher, Jaden Schwartz, Mark Letestu, Tyler Toffoli, Colin Wilson, Max Domi, Robby Fabbri, Miles Wood
Custom OT Lines Defensemen
Colton Parayko, Keith Yandle, Cody Ceci, Michael Stone, Cody Franson

Scratches
Nate Schmidt (Healthy)

% Time on Ice - Bruins

Lines # - Real PCT - Wanted PCT - Time Play
Normal Forward
1 - 30% - 32% - 15:08
2 - 27% - 32% - 13:52
3 - 28% - 26% - 14:16
4 - 15% - 10% - 7:47
Normal Defense
1 - 40% - 40% - 20:11
2 - 30% - 30% - 15:22
3 - 29% - 30% - 14:36
4 - 2% - 0% - 0:54
PP Forward
1 - 52% - 50% - 3:36
2 - 48% - 50% - 3:22
PP Defense
1 - 59% - 55% - 4:08
2 - 41% - 45% - 2:50
PK Forward
1 - 100% - 60% - 1:59
2 - 0% - 40% - 0:00
PK Defense
1 - 47% - 60% - 0:56
2 - 53% - 40% - 1:03
PK3 Forward
1 - 0% - 60%
2 - 0% - 40%
PK3 Defense
1 - 0% - 60%
2 - 0% - 40%
44 Forward
1 - 0% - 60%
2 - 0% - 40%
44 Defense
1 - 0% - 60%
2 - 0% - 40%
Last Minute Offensive  - 0:00
Last Minute Defensive  - 0:00
Total
Forward - 60:00
Defense - 60:00

% Time on Ice - Golden Seals

Lines # - Real PCT - Wanted PCT - Time Play
Normal Forward
1 - 30% - 36% - 15:27
2 - 26% - 30% - 13:26
3 - 25% - 24% - 12:38
4 - 19% - 10% - 9:32
Normal Defense
1 - 37% - 40% - 19:04
2 - 35% - 33% - 17:46
3 - 28% - 27% - 14:13
4 - 0% - 0% - 0:00
PP Forward
1 - 58% - 60% - 1:09
2 - 42% - 40% - 0:50
PP Defense
1 - 64% - 75% - 1:16
2 - 36% - 25% - 0:43
PK Forward
1 - 81% - 60% - 5:37
2 - 19% - 40% - 1:21
PK Defense
1 - 58% - 60% - 4:01
2 - 42% - 40% - 2:57
PK3 Forward
1 - 0% - 60%
2 - 0% - 40%
PK3 Defense
1 - 0% - 60%
2 - 0% - 40%
44 Forward
1 - 0% - 60%
2 - 0% - 40%
44 Defense
1 - 0% - 60%
2 - 0% - 40%
Last Minute Offensive  - 0:00
Last Minute Defensive  - 0:00
Total
Forward - 60:00
Defense - 60:00

Play by Play

1st period


0:01 of 1st period - Jonathan Toews wins face-off versus Sean Monahan in neutral zone.
0:14 of 1st period - Slapshot by Joe Pavelski.
0:14 of 1st period - Shot Blocked by Ryan McDonagh.
0:16 of 1st period - Backhand shot by Jaden Schwartz.
0:16 of 1st period - Stopped by Cam Talbot with a rebound.
0:26 of 1st period - Mike Fisher is hit by Jason Demers and loses puck.
0:49 of 1st period - Slapshot by Ryan McDonagh.
0:49 of 1st period - Stopped by Andrei Vasilevskiy without a rebound.
0:50 of 1st period - Matt Stajan wins face-off versus Andrew Agozzino in Golden Seals zone.
1:58 of 1st period - Slapshot by Joe Pavelski.
1:58 of 1st period - Shot Misses the Net.
2:00 of 1st period - Snap shot by Cody Ceci.
2:00 of 1st period - Stopped by Cam Talbot with a rebound.
2:02 of 1st period - Slapshot by Cody Ceci.
2:02 of 1st period - Stopped by Cam Talbot with a rebound.
2:04 of 1st period - Wrist shot by Mike Fisher.
2:04 of 1st period - Shot Blocked by Ryan McDonagh.
2:43 of 1st period - Off-side.
2:44 of 1st period - Zemgus Girgensons wins face-off versus Mark Letestu in neutral zone.
2:51 of 1st period - Snap shot by Zemgus Girgensons.
2:51 of 1st period - Stopped by Andrei Vasilevskiy with a rebound.
3:15 of 1st period - Slapshot by Colin Wilson.
3:15 of 1st period - Shot Blocked by Alexander Burmistrov.
3:17 of 1st period - Wrist shot by Mark Letestu.
3:17 of 1st period - Shot Blocked by Xavier Ouellet.
3:19 of 1st period - Wrist shot by Michael Stone.
3:19 of 1st period - Shot Blocked by Tom Kuhnhackl.
3:58 of 1st period - Snap shot by Colin Wilson.
3:58 of 1st period - Stopped by Cam Talbot with a rebound.
4:39 of 1st period - Snap shot by Alexander Burmistrov.
4:39 of 1st period - Shot Misses the Net.
4:41 of 1st period - Wrist shot by Tom Kuhnhackl.
4:41 of 1st period - Stopped by Andrei Vasilevskiy without a rebound.
4:42 of 1st period - Jonathan Toews wins face-off versus Patrice Bergeron in Golden Seals zone.
5:34 of 1st period - Marc Staal is hit by Andrew Agozzino and loses puck.
5:51 of 1st period - Alex Killorn is hit by Jonathan Toews and loses puck.
6:00 of 1st period - Slapshot by Joe Pavelski.
6:00 of 1st period - Stopped by Cam Talbot with a rebound.
6:14 of 1st period - Wrist shot by Max Domi.
6:14 of 1st period - Stopped by Cam Talbot with a rebound.
7:13 of 1st period - Jason Pominville is hit by Joe Pavelski and loses puck.
7:28 of 1st period - Slapshot by Joe Pavelski.
7:28 of 1st period - Stopped by Cam Talbot with a rebound.
7:30 of 1st period - Snap shot by Tyler Toffoli.
7:30 of 1st period - Shot Misses the Net.
7:40 of 1st period - Colton Parayko is hit by Nikolay Kulemin and loses puck.
8:25 of 1st period - Michael Stone is hit by Kyle Okposo and loses puck.
8:44 of 1st period - Alex Killorn is hit by Tyler Toffoli and loses puck.
8:57 of 1st period - Tom Kuhnhackl is hit by Olli Maatta and loses puck.
9:34 of 1st period - Olli Maatta is hit by Marc Staal and loses puck.
9:46 of 1st period - Icing by Miles Wood.
9:47 of 1st period - Sean Monahan wins face-off versus Mike Fisher in Golden Seals zone.
9:52 of 1st period - Snap shot by Derick Brassard.
9:52 of 1st period - Stopped by Andrei Vasilevskiy without a rebound.
9:53 of 1st period - Mike Fisher wins face-off versus Patrice Bergeron in Golden Seals zone.
10:39 of 1st period - Snap shot by Mike Fisher.
10:39 of 1st period - Stopped by Cam Talbot without a rebound.
10:40 of 1st period - Jonathan Toews wins face-off versus Matt Stajan in Bruins zone.
10:47 of 1st period - Snap shot by Jaden Schwartz.
10:47 of 1st period - Stopped by Cam Talbot without a rebound.
10:48 of 1st period - Patrice Bergeron wins face-off versus Jonathan Toews in Bruins zone.
11:08 of 1st period - Jonathan Toews is hit by Ryan McDonagh and loses puck.
11:23 of 1st period - Slapshot by Jaden Schwartz.
11:23 of 1st period - Stopped by Cam Talbot without a rebound.
11:24 of 1st period - Sean Monahan wins face-off versus Mike Fisher in Bruins zone.
11:49 of 1st period - Cody Ceci is hit by Alex Killorn and loses puck.
12:23 of 1st period - Slapshot by Anthony Mantha.
12:23 of 1st period - Shot Misses the Net.
12:41 of 1st period - Wrist shot by Derick Brassard.
12:41 of 1st period - Stopped by Andrei Vasilevskiy without a rebound.
12:42 of 1st period - Patrice Bergeron wins face-off versus Mike Fisher in Golden Seals zone.
12:55 of 1st period - Snap shot by Max Domi.
12:55 of 1st period - Deflect By Patrice Bergeron.
12:55 of 1st period - Stopped by Cam Talbot with a rebound.
13:04 of 1st period - Icing by Keith Yandle.
13:05 of 1st period - Matt Stajan wins face-off versus Mike Fisher in Golden Seals zone.
13:14 of 1st period - Snap shot by Derick Brassard.
13:14 of 1st period - Shot Misses the Net.
13:42 of 1st period - Matt Stajan is hit by Jonathan Toews and loses puck.
14:39 of 1st period - Slapshot by Derick Brassard.
14:39 of 1st period - Deflect By Kyle Okposo.
14:39 of 1st period - Stopped by Andrei Vasilevskiy with a rebound.
14:53 of 1st period - Nikolay Kulemin is hit by Mike Fisher and loses puck.
15:16 of 1st period - Wrist shot by Nikolay Kulemin.
15:16 of 1st period - Shot Misses the Net.
15:24 of 1st period - Slapshot by Patrice Bergeron.
15:24 of 1st period - Stopped by Andrei Vasilevskiy without a rebound.
15:25 of 1st period - Patrice Bergeron wins face-off versus Jonathan Toews in Golden Seals zone.
15:26 of 1st period - Snap shot by Alex Killorn.
15:26 of 1st period - Stopped by Andrei Vasilevskiy without a rebound.
15:27 of 1st period - Patrice Bergeron wins face-off versus Jonathan Toews in Golden Seals zone.
15:35 of 1st period - Minor Penalty to Joe Pavelski for Hooking.
15:36 of 1st period - Sean Monahan wins face-off versus Mark Letestu in Golden Seals zone.
16:27 of 1st period - Colton Parayko is hit by Jakob Chychrun and loses puck.
17:15 of 1st period - Olli Maatta is hit by Ryan McDonagh and loses puck.
17:35 of 1st period - Penalty to Joe Pavelski is over, Joe Pavelski is back on ice.
17:38 of 1st period - Colton Parayko is hit by Tom Kuhnhackl.
18:41 of 1st period - Jason Pominville is hit by Michael Stone.
18:51 of 1st period - Anthony Mantha is hit by Keith Yandle and loses puck.
19:02 of 1st period - Snap shot by Miles Wood.
19:02 of 1st period - Stopped by Cam Talbot with a rebound.
19:38 of 1st period - Marc Staal is hit by Robby Fabbri and loses puck.
Goals for this period are 0 for Bruins vs 0 for Golden Seals.
Shots for this period are 8 for Bruins vs 12 for Golden Seals.

2nd period


0:01 of 2nd period - Sean Monahan wins face-off versus Jonathan Toews in neutral zone.
0:16 of 2nd period - Snap shot by Derick Brassard.
0:16 of 2nd period - Shot Misses the Net.
1:11 of 2nd period - Off-side.
1:12 of 2nd period - Miles Wood wins face-off versus Sean Monahan in neutral zone.
1:25 of 2nd period - Slapshot by Sean Monahan.
1:25 of 2nd period - Shot Misses the Net.
1:27 of 2nd period - Snap shot by Xavier Ouellet.
1:27 of 2nd period - Stopped by Andrei Vasilevskiy without a rebound.
1:28 of 2nd period - Patrice Bergeron wins face-off versus Jonathan Toews in Golden Seals zone.
1:37 of 2nd period - Snap shot by Joe Pavelski.
1:37 of 2nd period - Stopped by Cam Talbot with a rebound.
1:41 of 2nd period - Wrist shot by Jonathan Toews.
1:41 of 2nd period - Stopped by Cam Talbot without a rebound.
1:42 of 2nd period - Sean Monahan wins face-off versus Jonathan Toews in Bruins zone.
1:51 of 2nd period - Wrist shot by Kyle Okposo.
1:51 of 2nd period - Shot Misses the Net.
2:18 of 2nd period - Off-side.
2:19 of 2nd period - Sean Monahan wins face-off versus Mike Fisher in neutral zone.
2:25 of 2nd period - Off-side.
2:26 of 2nd period - Sean Monahan wins face-off versus Mike Fisher in neutral zone.
2:35 of 2nd period - Snap shot by Max Domi.
2:35 of 2nd period - Shot Misses the Net.
2:37 of 2nd period - Slapshot by Tyler Toffoli.
2:37 of 2nd period - Shot Misses the Net.
2:39 of 2nd period - Slapshot by Olli Maatta.
2:39 of 2nd period - Stopped by Cam Talbot without a rebound.
2:40 of 2nd period - Jonathan Toews wins face-off versus Patrice Bergeron in Bruins zone.
2:53 of 2nd period - Snap shot by Joe Pavelski.
2:53 of 2nd period - Shot Misses the Net.
2:55 of 2nd period - Slapshot by Colton Parayko.
2:55 of 2nd period - Shot Misses the Net.
2:57 of 2nd period - Slapshot by Jonathan Toews.
2:57 of 2nd period - Shot Misses the Net.
3:07 of 2nd period - Colton Parayko is hit by Kyle Okposo and loses puck.
3:36 of 2nd period - Zemgus Girgensons is hit by Robby Fabbri and loses puck.
4:03 of 2nd period - Slapshot by Anthony Mantha.
4:03 of 2nd period - Shot Misses the Net.
4:17 of 2nd period - Snap shot by Joe Pavelski.
4:17 of 2nd period - Shot Blocked by Alex Killorn.
4:19 of 2nd period - Snap shot by Jaden Schwartz.
4:19 of 2nd period - Shot Misses the Net.
4:27 of 2nd period - Snap shot by Joe Pavelski.
4:27 of 2nd period - Shot Misses the Net.
4:39 of 2nd period - Slapshot by Max Domi.
4:39 of 2nd period - Deflect By Jason Pominville.
4:39 of 2nd period - Stopped by Cam Talbot with a rebound.
5:29 of 2nd period - Backhand shot by Max Domi.
5:29 of 2nd period - Stopped by Cam Talbot with a rebound.
5:37 of 2nd period - Snap shot by Patrice Bergeron.
5:37 of 2nd period - Shot Misses the Net.
5:39 of 2nd period - Snap shot by Xavier Ouellet.
5:39 of 2nd period - Stopped by Andrei Vasilevskiy with a rebound.
5:41 of 2nd period - Slapshot by Xavier Ouellet.
5:41 of 2nd period - Shot Blocked by Olli Maatta.
5:43 of 2nd period - Wrist shot by Xavier Ouellet.
5:43 of 2nd period - Deflect By Max Domi.
5:43 of 2nd period - Stopped by Andrei Vasilevskiy without a rebound.
5:44 of 2nd period - Sean Monahan wins face-off versus Jonathan Toews in Golden Seals zone.
6:06 of 2nd period - Icing by Joe Pavelski.
6:07 of 2nd period - Matt Stajan wins face-off versus Mark Letestu in Golden Seals zone.
6:55 of 2nd period - Slapshot by Ryan McDonagh.
6:55 of 2nd period - Stopped by Andrei Vasilevskiy without a rebound.
6:56 of 2nd period - Zemgus Girgensons wins face-off versus Andrew Agozzino in Golden Seals zone.
7:11 of 2nd period - Snap shot by Alexander Burmistrov.
7:11 of 2nd period - Stopped by Andrei Vasilevskiy without a rebound.
7:12 of 2nd period - Sean Monahan wins face-off versus Jonathan Toews in Golden Seals zone.
8:02 of 2nd period - Marc Staal is hit by Mike Fisher and loses puck.
8:09 of 2nd period - Snap shot by Nikolay Kulemin.
8:09 of 2nd period - Deflect By Matt Stajan.
8:09 of 2nd period - Shot Blocked by Keith Yandle.
8:09 of 2nd period - Puck is out of play.
8:10 of 2nd period - Jonathan Toews wins face-off versus Sean Monahan in Golden Seals zone.
8:37 of 2nd period - Snap shot by Nikolay Kulemin.
8:37 of 2nd period - Goal by Nikolay Kulemin - Bruins : 1 - Golden Seals : 0.
8:38 of 2nd period - Sean Monahan wins face-off versus Jonathan Toews in neutral zone.
8:41 of 2nd period - Snap shot by Kyle Okposo.
8:41 of 2nd period - Shot Misses the Net.
8:51 of 2nd period - Wrist shot by Jonathan Toews.
8:51 of 2nd period - Goal by Jonathan Toews - Bruins : 1 - Golden Seals : 1.
8:52 of 2nd period - Sean Monahan wins face-off versus Jonathan Toews in neutral zone.
8:55 of 2nd period - Wrist shot by Ryan McDonagh.
8:55 of 2nd period - Shot Blocked by Cody Ceci.
9:05 of 2nd period - Wrist shot by Kyle Okposo.
9:05 of 2nd period - Deflect By Derick Brassard.
9:05 of 2nd period - Stopped by Andrei Vasilevskiy with a rebound.
9:24 of 2nd period - Snap shot by Patrice Bergeron.
9:24 of 2nd period - Shot Misses the Net.
9:44 of 2nd period - Robby Fabbri is hit by Matt Stajan and loses puck.
9:53 of 2nd period - Joel Edmundson is hit by Robby Fabbri and loses puck.
10:08 of 2nd period - Cody Franson is hit by Tom Kuhnhackl and loses puck.
10:14 of 2nd period - Icing by Olli Maatta.
10:15 of 2nd period - Mark Letestu wins face-off versus Sean Monahan in Golden Seals zone.
11:12 of 2nd period - Snap shot by Anthony Mantha.
11:12 of 2nd period - Stopped by Andrei Vasilevskiy with a rebound.
11:22 of 2nd period - Wrist shot by Robby Fabbri.
11:22 of 2nd period - Goal by Robby Fabbri - Bruins : 1 - Golden Seals : 2.
11:23 of 2nd period - Jonathan Toews wins face-off versus Patrice Bergeron in neutral zone.
11:25 of 2nd period - Off-side.
11:26 of 2nd period - Patrice Bergeron wins face-off versus Jonathan Toews in neutral zone.
11:53 of 2nd period - Slapshot by Sean Monahan.
11:53 of 2nd period - Stopped by Andrei Vasilevskiy with a rebound.
11:55 of 2nd period - Slapshot by Derick Brassard.
11:55 of 2nd period - Stopped by Andrei Vasilevskiy with a rebound.
11:57 of 2nd period - Snap shot by Derick Brassard.
11:57 of 2nd period - Shot Misses the Net.
11:59 of 2nd period - Wrist shot by Sean Monahan.
11:59 of 2nd period - Shot Blocked by Keith Yandle.
12:21 of 2nd period - Michael Stone is hit by Joel Edmundson and loses puck.
12:41 of 2nd period - Icing by Andrew Agozzino.
12:42 of 2nd period - Matt Stajan wins face-off versus Andrew Agozzino in Golden Seals zone.
12:45 of 2nd period - Snap shot by Matt Stajan.
12:45 of 2nd period - Shot Blocked by Keith Yandle.
12:58 of 2nd period - Snap shot by Keith Yandle.
12:58 of 2nd period - Stopped by Cam Talbot without a rebound.
12:59 of 2nd period - Jonathan Toews wins face-off versus Patrice Bergeron in Bruins zone.
13:34 of 2nd period - Snap shot by Max Domi.
13:34 of 2nd period - Stopped by Cam Talbot with a rebound.
14:08 of 2nd period - Snap shot by Alexander Burmistrov.
14:08 of 2nd period - Stopped by Andrei Vasilevskiy with a rebound.
14:47 of 2nd period - Jakob Chychrun is hit by Mike Fisher and loses puck.
15:12 of 2nd period - Sean Monahan is hit by Robby Fabbri.
15:33 of 2nd period - Slapshot by Keith Yandle.
15:33 of 2nd period - Deflect By Miles Wood.
15:33 of 2nd period - Shot Blocked by Marc Staal.
15:33 of 2nd period - Puck is out of play.
15:34 of 2nd period - Patrice Bergeron wins face-off versus Barclay Goodrow in Bruins zone.
15:47 of 2nd period - Snap shot by Patrice Bergeron.
15:47 of 2nd period - Shot Misses the Net.
15:49 of 2nd period - Minor Penalty to Miles Wood for Hooking.
15:50 of 2nd period - Mark Letestu wins face-off versus Derick Brassard in Golden Seals zone.
15:55 of 2nd period - Wrist shot by Colin Wilson.
15:55 of 2nd period - Shot Blocked by Ryan McDonagh.
15:57 of 2nd period - Slapshot by Michael Stone.
15:57 of 2nd period - Shot Misses the Net.
15:59 of 2nd period - Slapshot by Michael Stone.
15:59 of 2nd period - Stopped by Cam Talbot without a rebound.
16:00 of 2nd period - Mark Letestu wins face-off versus Patrice Bergeron in Bruins zone.
16:11 of 2nd period - Snap shot by Colin Wilson.
16:11 of 2nd period - Deflect By Mark Letestu.
16:11 of 2nd period - Shot Blocked by Derick Brassard.
16:11 of 2nd period - Puck is out of play.
16:12 of 2nd period - Mark Letestu wins face-off versus Sean Monahan in Bruins zone.
16:43 of 2nd period - Wrist shot by Derick Brassard.
16:43 of 2nd period - Stopped by Andrei Vasilevskiy without a rebound.
16:44 of 2nd period - Patrice Bergeron wins face-off versus Mike Fisher in Golden Seals zone.
16:59 of 2nd period - Mark Letestu is hit by Jason Demers and loses puck.
17:10 of 2nd period - Colton Parayko is hit by Sean Monahan and loses puck.
17:40 of 2nd period - Icing by Jakob Chychrun.
17:41 of 2nd period - Derick Brassard wins face-off versus Mike Fisher in Bruins zone.
17:41 of 2nd period - Derick Brassard is hit by Mike Fisher.
17:49 of 2nd period - Penalty to Miles Wood is over, Miles Wood is back on ice.
17:51 of 2nd period - Wrist shot by Derick Brassard.
17:51 of 2nd period - Shot Misses the Net.
18:05 of 2nd period - Snap shot by Patrice Bergeron.
18:05 of 2nd period - Shot Misses the Net.
18:07 of 2nd period - Snap shot by Patrice Bergeron.
18:07 of 2nd period - Goal by Patrice Bergeron - Bruins : 2 - Golden Seals : 2.
18:08 of 2nd period - Jonathan Toews wins face-off versus Sean Monahan in neutral zone.
18:21 of 2nd period - Slapshot by Jonathan Toews.
18:21 of 2nd period - Stopped by Cam Talbot without a rebound.
18:22 of 2nd period - Patrice Bergeron wins face-off versus Jaden Schwartz in Bruins zone.
19:16 of 2nd period - Wrist shot by Robby Fabbri.
19:16 of 2nd period - Shot Misses the Net.
19:18 of 2nd period - Snap shot by Cody Ceci.
19:18 of 2nd period - Shot Blocked by Nikolay Kulemin.
Goals for this period are 2 for Bruins vs 2 for Golden Seals.
Shots for this period are 13 for Bruins vs 11 for Golden Seals.

3rd period


0:01 of 3rd period - Sean Monahan wins face-off versus Jonathan Toews in neutral zone.
0:12 of 3rd period - Snap shot by Joe Pavelski.
0:12 of 3rd period - Shot Misses the Net.
0:14 of 3rd period - Slapshot by Jonathan Toews.
0:14 of 3rd period - Shot Blocked by Jason Demers.
0:16 of 3rd period - Slapshot by Jonathan Toews.
0:16 of 3rd period - Shot Misses the Net.
0:46 of 3rd period - Icing by Anthony Mantha.
0:47 of 3rd period - Matt Stajan wins face-off versus Mark Letestu in Bruins zone.
1:47 of 3rd period - Snap shot by Robby Fabbri.
1:47 of 3rd period - Stopped by Cam Talbot with a rebound.
1:55 of 3rd period - Snap shot by Anthony Mantha.
1:55 of 3rd period - Shot Misses the Net.
1:59 of 3rd period - Snap shot by Anthony Mantha.
1:59 of 3rd period - Stopped by Andrei Vasilevskiy with a rebound.
2:01 of 3rd period - Wrist shot by Anthony Mantha.
2:01 of 3rd period - Stopped by Andrei Vasilevskiy with a rebound.
2:03 of 3rd period - Wrist shot by Matt Stajan.
2:03 of 3rd period - Shot Misses the Net.
2:08 of 3rd period - Minor Penalty to Robby Fabbri for Tripping.
2:09 of 3rd period - Mike Fisher wins face-off versus Patrice Bergeron in Golden Seals zone.
3:19 of 3rd period - Jakob Chychrun is hit by Joe Pavelski and loses puck.
4:08 of 3rd period - Penalty to Robby Fabbri is over, Robby Fabbri is back on ice.
5:45 of 3rd period - Mark Letestu is hit by Joel Edmundson and loses puck.
6:14 of 3rd period - Jason Demers is hit by Mike Fisher and loses puck.
6:28 of 3rd period - Minor Penalty to Matt Stajan for Interference.
6:29 of 3rd period - Jonathan Toews wins face-off versus Nikolay Kulemin in Bruins zone.
6:38 of 3rd period - Snap shot by Jaden Schwartz.
6:38 of 3rd period - Shot Blocked by Xavier Ouellet.
6:40 of 3rd period - Snap shot by Jaden Schwartz.
6:40 of 3rd period - Shot Blocked by Joel Edmundson.
6:42 of 3rd period - Slapshot by Colton Parayko.
6:42 of 3rd period - Shot Misses the Net.
7:06 of 3rd period - Wrist shot by Tyler Toffoli.
7:06 of 3rd period - Stopped by Cam Talbot without a rebound.
7:07 of 3rd period - Jonathan Toews wins face-off versus Sean Monahan in Bruins zone.
8:28 of 3rd period - Penalty to Matt Stajan is over, Matt Stajan is back on ice.
8:38 of 3rd period - Wrist shot by Andrew Agozzino.
8:38 of 3rd period - Stopped by Cam Talbot without a rebound.
8:39 of 3rd period - Matt Stajan wins face-off versus Andrew Agozzino in Bruins zone.
8:44 of 3rd period - Wrist shot by Anthony Mantha.
8:44 of 3rd period - Stopped by Andrei Vasilevskiy without a rebound.
8:45 of 3rd period - Matt Stajan wins face-off versus Andrew Agozzino in Golden Seals zone.
8:46 of 3rd period - Slapshot by Anthony Mantha.
8:46 of 3rd period - Deflect By Nikolay Kulemin.
8:46 of 3rd period - Shot Misses the Net.
8:46 of 3rd period - Puck is out of play.
8:47 of 3rd period - Andrew Agozzino wins face-off versus Matt Stajan in Golden Seals zone.
9:17 of 3rd period - Wrist shot by Anthony Mantha.
9:17 of 3rd period - Deflect By Nikolay Kulemin.
9:17 of 3rd period - Stopped by Andrei Vasilevskiy without a rebound.
9:18 of 3rd period - Sean Monahan wins face-off versus Jonathan Toews in Golden Seals zone.
9:19 of 3rd period - Wrist shot by Derick Brassard.
9:19 of 3rd period - Shot Blocked by Colton Parayko.
9:45 of 3rd period - Mike Fisher is hit by Jason Demers and loses puck.
10:16 of 3rd period - Backhand shot by Robby Fabbri.
10:16 of 3rd period - Shot Blocked by Alex Killorn.
11:05 of 3rd period - Keith Yandle is hit by Joel Edmundson.
11:15 of 3rd period - Zemgus Girgensons is hit by Max Domi and loses puck.
11:26 of 3rd period - Snap shot by Tyler Toffoli.
11:26 of 3rd period - Shot Misses the Net.
12:00 of 3rd period - Snap shot by Derick Brassard.
12:00 of 3rd period - Stopped by Andrei Vasilevskiy without a rebound.
12:01 of 3rd period - Sean Monahan wins face-off versus Andrew Agozzino in Golden Seals zone.
12:27 of 3rd period - Olli Maatta is hit by Jason Demers and loses puck.
13:03 of 3rd period - Wrist shot by Kyle Okposo.
13:03 of 3rd period - Stopped by Andrei Vasilevskiy without a rebound.
13:04 of 3rd period - Patrice Bergeron wins face-off versus Jonathan Toews in Golden Seals zone.
14:32 of 3rd period - Slapshot by Patrice Bergeron.
14:32 of 3rd period - Goal by Patrice Bergeron - Bruins : 3 - Golden Seals : 2.
14:33 of 3rd period - Jonathan Toews wins face-off versus Patrice Bergeron in neutral zone.
14:58 of 3rd period - Jason Demers is hit by Mike Fisher and loses puck.
15:03 of 3rd period - Snap shot by Tyler Toffoli.
15:03 of 3rd period - Deflect By Max Domi.
15:03 of 3rd period - Shot Misses the Net.
15:03 of 3rd period - Puck is out of play.
15:04 of 3rd period - Nikolay Kulemin wins face-off versus Mike Fisher in Bruins zone.
15:04 of 3rd period - Nikolay Kulemin is hit by Max Domi.
15:18 of 3rd period - Snap shot by Anthony Mantha.
15:18 of 3rd period - Shot Blocked by Olli Maatta.
15:45 of 3rd period - Minor Penalty to Mike Fisher for Hooking.
15:46 of 3rd period - Mark Letestu wins face-off versus Sean Monahan in Golden Seals zone.
15:51 of 3rd period - Backhand shot by Cody Ceci.
15:51 of 3rd period - Deflect By Mark Letestu.
15:51 of 3rd period - Shot Misses the Net.
15:51 of 3rd period - Puck is out of play.
15:52 of 3rd period - Mark Letestu wins face-off versus Kyle Okposo in Bruins zone.
16:16 of 3rd period - Off-side.
16:17 of 3rd period - Mark Letestu wins face-off versus Patrice Bergeron in neutral zone.
16:28 of 3rd period - Snap shot by Derick Brassard.
16:28 of 3rd period - Shot Misses the Net.
16:30 of 3rd period - Snap shot by Jason Pominville.
16:30 of 3rd period - Shot Misses the Net.
16:32 of 3rd period - Snap shot by Derick Brassard.
16:32 of 3rd period - Deflect By Patrice Bergeron.
16:32 of 3rd period - Stopped by Andrei Vasilevskiy without a rebound.
16:33 of 3rd period - Mark Letestu wins face-off versus Sean Monahan in Golden Seals zone.
16:46 of 3rd period - Slapshot by Anthony Mantha.
16:46 of 3rd period - Goal by Anthony Mantha - Bruins : 4 - Golden Seals : 2.
16:47 of 3rd period - Mark Letestu wins face-off versus Matt Stajan in neutral zone.
17:14 of 3rd period - Slapshot by Kyle Okposo.
17:14 of 3rd period - Stopped by Andrei Vasilevskiy with a rebound.
17:16 of 3rd period - Slapshot by Jakob Chychrun.
17:16 of 3rd period - Stopped by Andrei Vasilevskiy with a rebound.
17:18 of 3rd period - Slapshot by Jakob Chychrun.
17:18 of 3rd period - Stopped by Andrei Vasilevskiy without a rebound.
17:19 of 3rd period - Derick Brassard wins face-off versus Jonathan Toews in Golden Seals zone.
17:56 of 3rd period - Wrist shot by Matt Stajan.
17:56 of 3rd period - Shot Blocked by Michael Stone.
18:06 of 3rd period - Tyler Toffoli is hit by Alex Killorn.
18:30 of 3rd period - Wrist shot by Joe Pavelski.
18:30 of 3rd period - Stopped by Cam Talbot with a rebound.
18:32 of 3rd period - Snap shot by Joe Pavelski.
18:32 of 3rd period - Shot Misses the Net.
18:34 of 3rd period - Snap shot by Keith Yandle.
18:34 of 3rd period - Shot Misses the Net.
18:36 of 3rd period - Slapshot by Keith Yandle.
18:36 of 3rd period - Stopped by Cam Talbot with a rebound.
19:58 of 3rd period - Icing by Zemgus Girgensons.
19:59 of 3rd period - Zemgus Girgensons wins face-off versus Max Domi in Bruins zone.
Goals for this period are 2 for Bruins vs 0 for Golden Seals.
Shots for this period are 12 for Bruins vs 5 for Golden Seals.